Unix NetHack Version 3.7.0-89 Work-in-progress - last build Sep 7 2023 15:16:41 (8494bff02b67719303c47e298deaa89034127798,branch:master). Game began 2023-09-20 17:04:59, ended 2023-09-20 18:24:28. spontiff, neutral male gnomish Healer ----- ---...| ....*.| ---- ..---.|--..| ..| |.||...--- |.|-..)..| --.|.<....| ........--- .*^....| --.--...-- |.|--...-- |.| --...| --- |.| |.| ---.| --.---.-- |.-- --- ---.......-- |..-- |.......^..|r- --..| --...........@r |-.| ---.......--.--rrr |).-------...---..-------. |..........--- ---- ------------ Spontiff the Rhizotomist St:9 Dx:11 Co:13 In:11 Wi:15 Ch:18 Neutral S:597 Dlvl:6 $:1418 HP:0(20) Pw:6(6) AC:0 Xp:1/0 T:3075 Latest messages: M - a dagger. You see here 2 gems called y2. f - 2 gems called y2 (4 in total). Call a gem called y2: y1 Call a gem called y1: y2 You drop a crossbow. You drop a dart. You drop a runed dagger. You drop a dagger. N - a copper ring. What do you want to drop? [$bce-hj-lnqstvx-zAEIKLNQSV or ?*] N You drop a copper ring. N - a copper ring. The bottle crashes on your head and breaks into shards. The ruby potion evaporates. This burns a lot! Call a ruby potion: acid Suddenly, the large cat disappears out of sight. Pick an object. You see here a blue gem. It misses! O - a blue gem. A sewer rat suddenly appears next to you! A rabid rat suddenly appears next to you! A sewer rat suddenly appears next to you! A sewer rat suddenly appears next to you! A sewer rat suddenly appears close by! Something squeals! Rats appear! It misses! What do you want to use or apply? [bksLS or ?*] s In what direction? h There is a wererat there. Status of the wererat (chaotic, tiny): Level 2 HP 8(8) AC 6, invisible. #bah really: unknown extended command. What do you want to write with? [- efjltENOS or ?*] O You write in the dust with a blue gem. What do you want to write in the dust here? Never mind. What do you want to call? [efhj-lqtvxzAEIKLNOQV or ?*] O Call a blue gem: u1 What do you want to put on? [N or ?*] N Which ring-finger, Right or Left? [rl] r N - a copper ring (on right hand). The sewer rat bites! The sewer rat bites! The rabid rat bites! You die... Do you want your possessions identified? [ynq] (y) y Do you want to see the dungeon overview? [ynq] (y) y Inventory: Coins $ - 1418 gold pieces Armor h - an uncursed +0 orcish helm (being worn) g - a blessed +1 pair of leather gloves (being worn) V - an uncursed -1 pair of fumble boots v - an uncursed +0 pair of iron shoes (being worn) K - a blessed +0 dwarvish cloak q - an uncursed +5 dwarvish cloak (being worn) Q - an uncursed +0 dwarvish cloak Comestibles y - an uncursed apple n - 2 uncursed food rations Scrolls I - an uncursed scroll of identify Spellbooks b - a blessed spellbook of healing L - an uncursed spellbook of light Potions c - an uncursed potion of healing A - a blessed potion of see invisible z - an uncursed potion of sleeping x - an uncursed potion of water named !c Rings N - a cursed ring of teleportation (on right hand) Wands S - an uncursed wand of sleep (0:7) Tools k - an uncursed skeleton key s - an uncursed stethoscope Gems/Stones E - an uncursed jacinth stone j - an uncursed jade stone O - an uncursed worthless piece of blue glass l - an uncursed worthless piece of orange glass t - a cursed worthless piece of red glass e - an uncursed worthless piece of violet glass f - 4 uncursed worthless pieces of yellow glass Spontiff the Healer's attributes: Background: You were a Rhizotomist, a level 1 male gnomish Healer. You were neutral, on a mission for Hermes who was opposed by Athena (lawful) and Poseidon (chaotic). You were in the Gnomish Mines, on level 6. You entered the dungeon 3075 turns ago. You had 0 experience points, 20 were needed to attain level 2. Your score was 597 before end-of-game adjustments. Basics: You had 0 out of 20 hit points. You had all 6 energy points (spell power). Your armor class was 0. Your wallet contained 1418 zorkmids. Autopickup was on for '$!/="?' plus thrown, with exceptions. Final Characteristics: Your strength was 9 (limit:18/50). Your dexterity was 11 (limit:18). Your constitution was 13 (limit:18). Your intelligence was 11 (limit:19). Your wisdom was 15 (limit:18). Your charisma was 18 (limit:18). Final Status: You were not hungry. You were unencumbered. You were empty handed. You were unskilled in bare handed combat. Final Attributes: You were fervently aligned. You were poison resistant. You had infravision. You could teleport. You were warded. You are dead. Miscellaneous: You never encountered a bones level. Total elapsed playing time was 39 minutes and 4 seconds. Major events: Turn 1: spontiff the neutral male gnomish Healer entered the dungeon 2004: entered the Gnomish Mines 3075: killed by a rabid rat Vanquished creatures: a shrieker 2 dwarves 3 giant bats a wererat an iguana an acid blob a gas spore 3 hobbits a giant rat 2 yellow molds a red mold 3 gnomes a garter snake a gnome zombie 4 geckos 6 jackals 2 foxes 2 kobolds 2 goblins 4 sewer rats 4 grid bugs a bat 4 lichens 2 kobold zombies 7 newts 60 creatures vanquished. No species were genocided or became extinct. Voluntary challenges: You never hit with a wielded weapon. You were a pacifist. You read items or engraved 1 time. You never engraved Elbereth. You never genocided any monsters. You never polymorphed an object. You used no wishes. Achievements: You entered a shop. You entered the Gnomish Mines. The Dungeons of Doom: levels 1 to 5 Level 1: "Stashlet" A fountain. Level 2: "locked chest" A scroll shop. Level 3: Level 4: "boulder and chest/mimic rooms" Stairs down to The Gnomish Mines. Level 5: The Gnomish Mines: levels 5 to 6 Level 5: Level 6: <- You were here. Final resting place for you, killed by a rabid rat. Game over: ---------- / \ / REST \ / IN \ / PEACE \ / \ | spontiff | | 1418 Au | | killed by a | | rabid rat | | | | | | 2023 | *| * * * | * _________)/\\_//(\/(/\)/\//\/|_)_______ Goodbye spontiff the Healer... You died in The Gnomish Mines on dungeon level 6 with 563 points, and 1418 pieces of gold, after 3075 moves. You were level 1 with a maximum of 20 hit points when you died.